 Dungeon Crawl Stone Soup version 0.27-a0-797-g27d10ad80f (webtiles) character file.

Game seed: 4220197333146080208

5268 porpoise the Destroyer (level 10, 0/59 HPs)
             Began as a Deep Elf Conjurer on Mar 28, 2021.
             Was a Priest of Vehumet.
             Slain by Gastronok (30 damage)
             ... on level 10 of the Dungeon.
             The game lasted 00:44:51 (10885 turns).

porpoise the Destroyer (Deep Elf Conjurer)         Turns: 10885, Time: 00:44:52

Health: 0/59       AC:  9    Str:  4    XL:     10   Next: 36%
Magic:  0/37       EV: 14    Int: 31    God:    Vehumet [***...]
Gold:   109        SH:  6    Dex: 10    Spells: 8/19 levels left

rFire    . . .     SeeInvis +   a - staff of conjuration
rCold    . . .     Faith    .   t - +2 buckler
rNeg     + . .     Spirit   +   A - +0 robe {rN+}
rPois    .         Reflect  .   z - +2 hat
rElec    .         Harm     .   (no cloak)
rCorr    .         Rampage  .   o - +0 pair of gloves
Will     +++++                  C - +3 pair of boots of the Dropbear {Will+++ MP+9 Str-2 SInv}
Stlth    +.........             y - amulet "Bon Fic" {Spirit Will+++ MP+9 Dex-3 Stlth-}
HPRegen  0.19/turn              g - +6 ring of intelligence
MPRegen  0.25/turn              (no ring)

@: no status effects
A: no striking features
a: Renounce Religion


You were on level 10 of the Dungeon.
You worshipped Vehumet.
Vehumet was most pleased with you.
You visited 2 branches of the dungeon, and saw 11 of its levels.

You collected 456 gold pieces.
You spent 347 gold pieces at shops.

Inventory:

Hand Weapons
 b - a +1 fustibalus
 c - a +1 trident of venom
 w - a +1 falchion of holy wrath
Missiles
 d - 240 stones
 e - 36 poisoned darts (quivered)
 h - 52 sling bullets
 q - a curare-tipped dart
 B - 5 boomerangs
Armour
 o - a +0 pair of gloves (worn)
 t - a +2 buckler (worn)
 z - a +2 hat (worn)
 A - a +0 robe of positive energy (worn)
 C - the +3 pair of boots of the Dropbear (worn) {Will+++ MP+9 Str-2 SInv}
   (You found it on level 6 of the Dungeon)

   It affects your strength (-2).
   It affects your willpower, your defense against some magical effects.
   It affects your magic capacity (+9).
   It lets you see invisible.
 E - a +0 leather armour of cold resistance
Magical Staves
 a - a staff of conjuration (weapon)
Jewellery
 g - a +6 ring of intelligence (left hand)
 x - an amulet of the acrobat
 y - the amulet "Bon Fic" (around neck) {Spirit Will+++ MP+9 Dex-3 Stlth-}
   (You found it on level 6 of the Dungeon)

   [amulet of guardian spirit]

   It causes incoming damage to be split between your health and magic.
   It affects your dexterity (-3).
   It affects your willpower, your defense against some magical effects.
   It affects your magic capacity (+9).
   It makes you less stealthy.
 I - a +6 ring of dexterity
 M - an amulet of magic regeneration
Wands
 F - a wand of polymorph (5)
 H - a wand of iceblast (11)
 L - a wand of digging (5)
 N - a wand of flame (17)
Scrolls
 f - a scroll of enchant weapon
 i - a scroll of fear
 j - a scroll of fog
 m - a scroll of teleportation
 n - a scroll of amnesia
 J - a scroll of acquirement {unknown}
 Q - a scroll of torment {unknown}
Potions
 k - 2 potions of magic
 l - a potion of flight
 p - a potion of curing
 r - a potion of might
 s - 6 potions of heal wounds
 u - 3 potions of ambrosia
 v - a potion of haste {unknown}
 G - a potion of cancellation {unknown}
 K - 2 potions of attraction
 O - a potion of resistance {unknown}
 P - a potion of invisibility {unknown}
 R - a potion of brilliance {unknown}


   Skills:
 + Level 5.3 Fighting
 - Level 7.0 Dodging
 + Level 4.0 Stealth
 - Level 4.0 Shields
 + Level 5.0 Spellcasting
 - Level 9.0 Conjurations
 - Level 7.0 Hexes
 - Level 5.0 Translocations
 - Level 5.0 Evocations


You had 8 spell levels left.
You knew the following spells:

 Your Spells              Type           Power      Damage    Failure   Level
a - Magic Dart            Conj           100%       1d8       1%          1
b - Searing Ray           Conj           100%       3d7       1%          2
c - Fulminant Prism       Conj/Hex       36%        3d18      1%          4
d - Iskenderun's Mystic   Conj/Tloc      67%        2d14      1%          4

Your spell library contained the following spells:

 Spells                   Type           Power      Damage    Failure   Level
 Frozen Ramparts          Ice            14%        1d3       4%          3
 Dazzling Flash           Conj/Hex       100%       N/A       1%          3


Dungeon Overview and Level Annotations

Branches:
Dungeon (10/15)            Temple (1/1) D:4
   Lair: D:8-11         Orc: D:9-12

Altars:
Ashenzari
Cheibriados
Dithmenos
Elyvilon
Fedhas
Gozag
Hepliaklqana
Kikubaaqudgha
Makhleb
Nemelex Xobeh
Okawaru
Qazlal
Ru
Sif Muna
Trog
Uskayaw
Vehumet
Wu Jian
Xom
Yredelemnul
Zin
The Shining One

Shops:
D:3 [(([(   D:7 !   D:9 *

Annotations:
D:10 Gastronok, Joseph


Message History

Gastronok is heavily wounded.
Gastronok waves his eye-stalks in wide circles.
The air twists around and strikes you!!
The searing ray hits Gastronok!
Gastronok is heavily wounded.
You finish channeling your searing ray.
Casting: Searing Ray (safe; 1% risk of failure)
Confirm with . or Enter, or press ? or * to list all spells.
Aiming: Searing Ray (safe; 1% risk of failure)
Press: ? - help, Shift-Dir - straight line, f/p - Gastronok
Aim: Gastronok, wearing a +1 hat of stealth (heavily wounded, 0% to evade)
You feel a surge of power!
The searing ray hits Gastronok!
Gastronok is severely wounded. (Press . to maintain the ray.) Gastronok bites you.
The searing ray hits Gastronok!
Gastronok is severely wounded.
The searing ray hits Gastronok.
Gastronok is severely wounded.
Gastronok bites you!!
* * * LOW HITPOINT WARNING * * *
The searing ray hits Gastronok!
Gastronok is almost dead.
You finish channeling your searing ray.
You feel much better. Gastronok barely misses you.
Casting: Searing Ray (safe; 1% risk of failure)
Confirm with . or Enter, or press ? or * to list all spells.
Aiming: Searing Ray (safe; 1% risk of failure)
Press: ? - help, Shift-Dir - straight line, f/p - Gastronok
Aim: Gastronok, wearing a +1 hat of stealth (almost dead, 0% to evade)
You feel a surge of power!
The searing ray hits Gastronok.
Gastronok is almost dead. (Press . to maintain the ray.)
Aiming: Iceblast
Press: ? - help, Shift-Dir - straight line, p - Gastronok The mass of ice explodes!
The iceblast engulfs Gastronok!
Gastronok is almost dead.
Gastronok bites you!!
Ouch! That really hurt!
You die...

#. #. #. #
#####.########.####
##
.....(w............
.. ###..@.......###
.# #..........#
#..........#
#..........#
#..........# #.
#..........# #.
#####..........#
###.#
................
.....
#######.#####.# #..


You could see Gastronok.

Vanquished Creatures
  A two-headed ogre (D:8)
  An unseen horror (D:10)
  A hornet (D:9)
  7 yaks
  An acid dragon (D:8)
  2 water moccasins
  3 orc warriors
  2 sky beasts (D:7)
  2 ogres
  4 centaurs
  A wyvern zombie (D:9)
  3 bullfrogs
  A gnoll sergeant (D:5)
  A water moccasin zombie (D:5)
  A water moccasin skeleton (D:5)
  A scorpion (D:7)
  13 wights
  2 vampire bats (D:2)
  A bullfrog zombie (D:7)
  2 centaur zombies
  A hound (D:5)
  2 orc priests
  A centaur skeleton (D:4)
  A gnoll shaman (D:8)
  3 iguanas
  8 orc wizards
  4 hound skeletons
  13 gnolls
  A howler monkey skeleton (D:7)
  4 adders
  A shadow imp (D:6)
  A white imp (D:5)
  2 dart slugs
  40 orcs
  3 ball pythons
  A bat skeleton (D:2)
  3 bat zombies (D:2)
  An endoplasm (D:2)
  2 giant cockroaches
  4 hobgoblins
  8 jackals
  6 quokkas
  5 bats
  2 frilled lizards
  2 goblins
  7 kobolds
  3 rats
179 creatures vanquished.

Vanquished Creatures (others)
  20 fulminant prisms
20 creatures vanquished.

Grand Total: 199 creatures vanquished

Notes
Turn   | Place    | Note
-------+----------+-------------------------------------------
     0 | D:1      | porpoise the Deep Elf Conjurer began the quest for the Orb.
     0 | D:1      | Reached XP level 1. HP: 10/10 MP: 6/6
   344 | D:1      | Reached XP level 2. HP: 15/15 MP: 4/8
   347 | D:1      | Learned a level 2 spell: Searing Ray
   951 | D:2      | Found an ancient bone altar of Kikubaaqudgha.
   951 | D:2      | Noticed a vampire bat
   952 | D:2      | Killed a vampire bat
   953 | D:2      | Reached skill level 5 in Conjurations
   953 | D:2      | Reached XP level 3. HP: 19/19 MP: 8/11
   984 | D:2      | Reached skill level 5 in Spellcasting
   984 | D:2      | Reached XP level 4. HP: 22/24 MP: 7/13
  1078 | D:2      | Learned a level 4 spell: Fulminant Prism
  1083 | D:2      | Learned a level 4 spell: Iskenderun's Mystic Blast
  1725 | D:3      | Found Kab Bano's Antique Armour Shop.
  1747 | D:3      | Found Joyt Bax's Antique Weapon Shop.
  1751 | D:3      | Found Tiumojiqoa's Weapon Shoppe.
  2008 | D:3      | Found Comathuy's Antique Weapon Shoppe.
  2109 | D:3      | Found Urareonoch's Antique Armour Shop.
  2637 | D:3      | Reached XP level 5. HP: 28/28 MP: 11/14
  2753 | D:3      | Bought a buckler for 112 gold pieces
  2796 | D:4      | Found a staircase to the Ecumenical Temple.
  2806 | D:4      | Reached skill level 1 in Fighting
  2806 | D:4      | Reached skill level 6 in Conjurations
  2807 | Temple   | Entered the Ecumenical Temple
  2988 | Temple   | Became a worshipper of Vehumet
  3071 | D:4      | Found a white marble altar of Elyvilon.
  3410 | D:4      | Reached XP level 6. HP: 35/35 MP: 10/15
  4037 | D:5      | Entered Level 5 of the Dungeon
  4095 | D:5      | Reached skill level 7 in Conjurations
  4101 | D:5      | Reached skill level 1 in Hexes
  4210 | D:5      | Reached * piety under Vehumet
  4210 | D:5      | Offered knowledge of Sandblast by Vehumet.
  4363 | D:5      | Reached XP level 7. HP: 41/41 MP: 11/16
  4917 | D:5      | Found an ornate altar of the Wu Jian Council.
  5238 | D:5      | Found a hide-covered altar of Uskayaw.
  5576 | D:6      | HP: 2/43 [centaur/arrow (12)]
  5917 | D:6      | Reached skill level 5 in Hexes
  6056 | D:6      | Reached skill level 1 in Translocations
  6058 | D:6      | Reached XP level 8. HP: 48/48 MP: 11/17
  6244 | D:6      | Identified the amulet "Bon Fic" {Spirit Will+++ MP+9 Dex-3
                  | Stlth-}
  6414 | D:3      | Bought a runed hat for 154 gold pieces
  6657 | D:6      | Reached skill level 5 in Fighting
  6836 | D:6      | Reached skill level 1 in Shields
  6900 | D:6      | Identified the +3 pair of boots of the Dropbear {Will+++
                  | MP+9 Str-2 SInv}
  7213 | D:3      | Bought a runed robe for 81 gold pieces
  7659 | D:7      | Reached ** piety under Vehumet
  7659 | D:7      | Offered knowledge of Shock by Vehumet.
  7681 | D:7      | Reached skill level 5 in Translocations
  7815 | D:7      | Reached XP level 9. HP: 36/54 MP: 18/18
  7981 | D:7      | Found Hekapsak's Distillery.
  8090 | D:7      | Found a bloodstained altar of Trog.
  8094 | D:7      | Found a sand-covered staircase.
  8148 | D:7      | Found a burning altar of Makhleb.
  8184 | D:7      | Reached skill level 8 in Conjurations
  8589 | D:8      | Noticed a two-headed ogre
  8595 | D:8      | Killed a two-headed ogre
  8596 | D:8      | Reached skill level 9 in Conjurations
  8999 | D:8      | Offered knowledge of Frozen Ramparts by Vehumet.
  9182 | D:8      | Reached skill level 5 in Dodging
  9625 | D:9      | Found Orphillu's Mass Market.
  9686 | D:9      | Reached skill level 5 in Evocations
  9691 | D:9      | Reached XP level 10. HP: 59/59 MP: 19/19
 10217 | D:9      | Reached *** piety under Vehumet
 10458 | D:10     | Entered Level 10 of the Dungeon
 10640 | D:10     | Noticed Joseph
 10714 | D:10     | Noticed Gastronok
 10885 | D:10     | Slain by Gastronok

Illustrated notes

Levels and vault maps discovered:
D:1:      lightli_arrival_statue_moat, layout_loops_ring
D:2:      layout_rooms, kennysheep_vampire_church
D:3:      layout_loops_corners, serial_shops, shop, nicolae_shop_waterfront,
          shop, shop, shop, moated_statue
D:4:      layout_basic, elyvilon_altar_5, minmay_temple_entry_mini_moons
D:5:      layout_basic, nicolae_uskayaw_dance_hall, nzn_wu_jian_contemplation
D:6:      layout_basic
D:7:      layout_loops_ring, chequers_temple_overflow_statue_of_worship,
          enter_ossuary_2, grunt_ministairs_4, chequers_serial_rivers_small_a,
          kennysheep_windowed_goal
D:8:      layout_loops_ring, minmay_misc_feat_room, minmay_statues_item
D:9:      layout_cave_pods, minmay_shop_mass
D:10:     layout_small_grid, led_sif_book, uniq_gastronok, uniq_joseph
Temple:   nicolae_temple_elliptical

Skill      XL: |  1  2  3  4  5  6  7  8  9 10 |
---------------+-------------------------------+-----
Spellcasting   | 4 5 |  5.0
Conjurations   | 5 6 7 9 |  9.0
Fighting       | 2 3 4 5 |  5.3
Hexes          | 2 5 7 |  7.0
Translocations | 1 5 |  5.0
Shields        | 3 4 |  4.0
Dodging        | 6 7 |  7.0
Evocations     | 5 |  5.0
Stealth        | 4 |  4.0

Action                   |  1- 3 |  4- 6 |  7- 9 | 10-12 || total
-------------------------+-------+-------+-------+-------++-------
Melee: Staff             |     2 |     3 |       |       ||     5
 Fire: Fustibalus        |       |    20 |    20 |     4 ||    44
Throw: Dart              |       |    10 |     8 |     2 ||    20
 Cast: Magic Dart        |    22 |    18 |    14 |     3 ||    57
       Searing Ray       |     6 |    27 |    60 |    14 ||   107
       Fulminant Prism   |       |       |    14 |     6 ||    20
       Iskenderun's Myst |       |       |     2 |     3 ||     5
Evoke: Wand              |       |       |     1 |     1 ||     2
  Use: Scroll            |       |     5 |     8 |     3 ||    16
       Potion            |       |       |       |     1 ||     1
Armor: Robe              |     5 |     1 |    10 |     3 ||    19
Dodge: Dodged            |     9 |     3 |    25 |    12 ||    49
Block: Buckler           |       |       |     4 |     9 ||    13

Table legend: (Time is in decaauts)
 A = Elapsed time spent in this place.
 B = Non-inter-level travel time spent in this place.
 C = Inter-level travel time spent in this place.
 D = Time resting spent in this place.
 E = Time spent auto-exploring this place.
 F = Levels seen in this place.
 G = Mean time per level.
                   A        B        C        D        E       F      G
               +--------+--------+--------+--------+--------+-----+--------+
         Total |  10885 |  10091 |    794 |   3239 |   5437 |  11 |  989.5 |
       Dungeon |  10675 |   9909 |    766 |   3209 |   5297 |  10 | 1067.5 |
        Temple |    209 |    181 |     28 |     30 |    140 |   1 |  209.0 |
               +--------+--------+--------+--------+--------+-----+--------+

Top non-repeatable levels by time:
     D:5: 1772 daAuts
     D:6: 1483 daAuts
     D:3: 1211 daAuts
     D:4: 1133 daAuts
     D:8: 1049 daAuts
     D:9: 1044 daAuts
     D:7: 984 daAuts
     D:2: 942 daAuts
     D:1: 768 daAuts
    D:10: 285 daAuts
  Temple: 209 daAuts
